AoeStats
← AxD | Cad Bane

Arena

507127132Analyzed
2v2 RM · 15d ago on Sep 16, 2026· 119m 49s· 4 players
Game mode
Random Map
Map size
Medium (4 player)
Population
200
Speed
Normal
Resources
Standard
Victory
Conquest
Starting age
Dark Age
Ending age
Imperial Age
RankedLock teamsTeams togetherTeam positionsShared explorationLock speedFull tech treeHidden civsTurbo modeCheats
Victory
Defeat
🇹🇷 Japanese · Türkiye
1545
+18
🇹🇷 Cumans · Türkiye
1545
+18
🇨🇱 Jurchens · Chile
1618
-20
🇦🇷 Malay · Argentina
1548
-16
OUTPOST ENJOYER
6:52 Loom
11:01 Feudal Age
11:29 Man-at-Arms
12:23 Man-at-Arms
15:17 Double-Bit Axe
17:31 Scale Mail Armor
18:57 Wheelbarrow
22:00 Castle Age
20:47 Forging
22:57 Chain Mail Armor
22:04 Long Swordsman
23:07 Bow Saw
22:47 Horse Collar
23:42 Squires
23:38 Stone Mining
25:09 Fletching
26:29 Bodkin Arrow
29:37 Town Watch
31:08 Padded Archer Armor
32:07 Ballistics
33:31 Hand Cart
33:32 Leather Archer Armor
34:26 Iron Casting
33:56 Husbandry
34:06 Bloodlines
34:11 Gold Mining
35:18 Murder Holes
39:02 Imperial Age
37:45 Iron Casting
37:47 Guard Tower
38:08 Fortified Wall
38:26 Treadmill Crane
39:50 Bracer
39:13 Heavy Cavalry Archer
40:18 Parthian Tactics
39:39 Two-Handed Swordsman
41:24 Two-Man Saw
40:25 Heavy Plow
41:41 Chemistry
40:27 Arrowslits
41:01 Thumb Ring
42:09 Gold Shaft Mining
41:42 Champion
42:59 Ring Archer Armor
42:42 Masonry
43:00 Town Patrol
43:37 Keep
46:22 Plate Mail Armor
46:53 Blast Furnace
45:51 Light Cavalry
47:50 Scale Barding Armor
49:20 Siege Engineers
51:02 Chain Barding Armor
51:45 Kataparuto
51:50 Yasama
55:34 Pikeman
56:40 Chain Barding Armor
56:18 Halberdier
67:16 Elite Skirmisher
68:41 Cavalier
92:48 Coinage
92:51 Caravan
106:05 Arson
obezitekaan
5:28 Loom
8:56 Feudal Age
17:22 Double-Bit Axe
28:13 Castle Age
26:14 Horse Collar
28:00 Gold Mining
28:47 Wheelbarrow
30:03 Bow Saw
29:53 Heavy Plow
30:11 Hand Cart
33:02 Gold Shaft Mining
36:57 Imperial Age
34:41 Stone Mining
35:34 Scale Barding Armor
35:40 Forging
35:25 Town Watch
36:58 Chain Barding Armor
36:49 Bloodlines
38:11 Crop Rotation
37:09 Cavalier
38:27 Iron Casting
40:22 Plate Barding Armor
40:48 Blast Furnace
40:12 Paladin
43:25 Two-Man Saw
44:48 Blast Furnace
45:45 Light Cavalry
48:40 Hussar
51:46 Padded Archer Armor
51:36 Fletching
51:47 Scale Mail Armor
53:04 Herbal Medicine
54:04 Bodkin Arrow
54:25 Leather Archer Armor
54:25 Chain Mail Armor
54:24 Murder Holes
55:32 Elite Kipchak
57:27 Ring Archer Armor
57:29 Plate Mail Armor
56:22 Pikeman
57:03 Squires
58:00 Thumb Ring
58:22 Parthian Tactics
58:43 Ballistics
59:23 Chemistry
64:25 Elite Skirmisher
79:31 Steppe Husbandry
83:42 Halberdier
85:17 Capped Ram
96:06 Man-at-Arms
96:26 Siege Ram
96:56 Halberdier
97:03 Long Swordsman
97:31 Arson
98:33 Two-Handed Swordsman
99:20 Champion
112:22 Halberdier
AxD | Cad Bane
5:30 Loom
8:37 Feudal Age
11:11 Double-Bit Axe
17:19 Wheelbarrow
18:14 Town Watch
21:23 Castle Age
19:07 Horse Collar
19:30 Gold Mining
19:56 Scale Barding Armor
20:01 Forging
22:32 Bow Saw
22:24 Heavy Plow
23:01 Chain Barding Armor
29:22 Iron Casting
31:57 Hand Cart
35:01 Imperial Age
32:33 Stone Mining
34:01 Bloodlines
33:52 Husbandry
33:51 Elite Skirmisher
34:41 Fortified Bastions
34:41 Fletching
34:51 Padded Archer Armor
35:40 Ballistics
35:32 Fortified Wall
36:57 Chemistry
37:07 Leather Archer Armor
36:47 Bodkin Arrow
37:02 Siege Engineers
37:07 Masonry
36:38 Treadmill Crane
37:08 Fortified Wall
38:52 Hoardings
38:07 Elite Iron Pagoda
39:43 Plate Barding Armor
39:39 Ring Archer Armor
41:08 Blast Furnace
40:08 Bracer
40:45 Conscription
41:31 Bracer
42:45 Thunderclap Bombs
43:23 Architecture
42:40 Arrowslits
44:02 Two-Man Saw
43:35 Crop Rotation
44:46 Hoardings
45:53 Stone Shaft Mining
45:53 Gold Shaft Mining
47:51 Murder Holes
48:36 Coinage
55:35 Town Patrol
57:44 Guard Tower
59:46 Keep
60:45 Squires
60:30 Arson
60:06 Man-at-Arms
60:06 Pikeman
60:49 Scale Mail Armor
63:07 Halberdier
65:34 Chain Mail Armor
66:21 Capped Ram
67:48 Siege Ram
84:26 Elite Fire Lancer
88:28 Guilds
88:37 Gambesons
90:36 Banking
91:48 Light Cavalry
94:24 Hussar
96:12 Caravan
AxD | Keiokenkun-Uno-Puro
5:15 Loom
8:38 Feudal Age
8:36 Double-Bit Axe
9:41 Town Watch
15:50 Wheelbarrow
16:30 Horse Collar
22:57 Castle Age
25:16 Castle Age
25:59 Hand Cart
30:20 Bow Saw
31:27 Heavy Plow
32:42 Gold Mining
37:06 Gold Shaft Mining
36:23 Stone Mining
41:21 Imperial Age
39:16 Ballistics
39:07 Masonry
38:58 Fletching
39:22 Forging
39:14 Squires
38:36 Pikeman
39:57 Arson
41:08 Iron Casting
40:08 Capped Ram
40:12 Halberdier
40:17 Capped Ram
41:59 Stone Shaft Mining
41:23 Bodkin Arrow
40:49 Crossbowman
42:58 Chemistry
42:00 Padded Archer Armor
42:28 Bracer
42:37 Thumb Ring
42:10 Arbalester
53:54 Crop Rotation
58:38 Blast Furnace
59:23 Leather Archer Armor
58:32 Man-at-Arms
61:14 Guard Tower
61:01 Elite Skirmisher
63:24 Ring Archer Armor
76:48 Crop Rotation
93:19 Light Cavalry
102:36 Long Swordsman
Connection lost

Rejoining the realm…

Still unreachable

The connection could not be restored.

Session expired

The server has moved on; the page needs a fresh start.